 Seeded DCSS version 0.29-a0-393-g47a863cc1b (webtiles) character file.

Game seed: 7258060124262503290 (custom seed)

2081 NinjaNoafa the Shield-Bearer (level 9, -15/88 HPs)
             Began as a Troll Fighter on May 9, 2022.
             Was an Initiate of Gozag.
             Demolished by a large slime creature (16 damage)
             ... on level 7 of the Dungeon.
             The game lasted 00:08:07 (4247 turns).

NinjaNoafa the Shield-Bearer (Troll Fighter)        Turns: 4247, Time: 00:08:08

Health: -15/88     AC: 10    Str: 32    XL:     9   Next: 6%
Magic:  8/8        EV: 12    Int:  4    God:    Gozag
Gold:   614        SH:  0    Dex: 21    Spells: 8/8 levels left

rFire   x . .      SeeInvis .     - Unarmed
rCold   + . .      Faith    .   b - +0 kite shield
rNeg    + . .      Spirit   .   C - +3 steam dragon scales
rPois   +          Reflect  +   (helmet restricted)
rElec   .          Harm     .   (no cloak)
rCorr   .          Rampage  .   (gloves unavailable)
Will    .....                   (boots unavailable)
Stlth   +.........              u - amulet of Gounk {Reflect *Corrode rPois rN+ Dex+8 SH+5}
HPRegen 1.04/turn               t - +6 ring of strength
MPRegen 0.11/turn               r - ring of ice

@: confused, mighty, ambrosia-drunk
A: large, unfitting armour, claws 3, regeneration 1, shaggy fur 1, tough skin 1
a: Renounce Religion, Potion Petition, Call Merchant, Bribe Branch


You were on level 7 of the Dungeon.
You worshipped Gozag.
Gozag was pleased with you.
You visited 2 branches of the dungeon, and saw 8 of its levels.

You collected 734 gold pieces.
You paid 120 gold pieces to Gozag.

Inventory:

Missiles
 a - a throwing net
 l - 24 poisoned darts (quivered)
 s - 7 boomerangs
Armour
 b - a +0 kite shield (worn)
 C - +3 steam dragon scales (worn)
Jewellery
 r - a ring of ice (right claw)
 t - a +6 ring of strength (left claw)
 u - the amulet of Gounk (around neck) {Reflect *Corrode rPois rN+ Dex+8 SH+5}
   (You found it on level 4 of the Dungeon)

   [amulet of reflection]

   It reflects blocked missile attacks.
   Dex:       It affects your dexterity (+8).
   rPois:     It protects you from poison.
   rN:        It protects you from negative energy.
   *Corrode:  It may corrode you when you take damage.
   SH:        It affects your SH (+5).
 z - a ring of protection from fire
Scrolls
 d - 2 scrolls of teleportation
 f - a scroll of amnesia
 h - a scroll of noise
 i - 2 scrolls of magic mapping
 j - a scroll of enchant weapon
 q - 2 scrolls of poison {unknown}
 w - a scroll of acquirement {unknown}
 y - a scroll of silence {unknown}
 A - a scroll of vulnerability {unknown}
Potions
 c - a potion of might
 e - 4 potions of flight
 o - a potion of curing
 x - 2 potions of brilliance {unknown}
 B - a potion of haste {unknown}


   Skills:
 + Level 5.0 Fighting
 + Level 5.0 Dodging
 * Level 6.5 Shields
 + Level 6.0 Unarmed Combat


You had 8 spell levels left.
You didn't know any spells.
Your spell library contained the following spells:

 Spells                   Type           Power      Damage    Failure   Level
 Magic Dart               Conj           0%         1d3       77%         1
 Slow                     Hex            0%         N/A       77%         1
 Call Imp                 Summ           0%         N/A       88%         2
 Ensorcelled Hibernation  Hex/Ice        0%         N/A       88%         2
 Passwall                 Tmut/Erth      0%         N/A       88%         2
 Searing Ray              Conj           0%         2d4       88%         2
 Confusing Touch          Hex            0%         N/A       98%         3
 Mephitic Cloud           Conj/Pois/Air  0%         N/A       98%         3
 Spider Form              Tmut/Pois      0%         N/A       98%         3
 Swiftness                Air            0%         N/A       98%         3
 Vampiric Draining        Necr           0%         2d6       98%         3
 Anguish                  Hex/Necr       0%         N/A       100%        4
 Fulminant Prism          Conj/Hex       0%         3d6       100%        4


Dungeon Overview and Level Annotations

Branches:
Dungeon (7/15)             Temple (1/1) D:6

Altars:
Ashenzari
Cheibriados
Dithmenos
Elyvilon
Fedhas
Gozag
Hepliaklqana
Nemelex Xobeh
Okawaru
Qazlal
Ru
Sif Muna
Trog
Uskayaw
Vehumet
Wu Jian
Xom
Yredelemnul
Zin
The Shining One

Shops:
D:1 (   D:2 [

Annotations:
D:7 Joseph


Innate Abilities, Weirdness & Mutations

You are too large for most types of armour.
You have claws for hands.
Your natural rate of healing is unusually fast.
You are covered in fur. (AC +1)
You have tough skin. (AC +1)


Message History

Unknown command.
You're wearing all the rings you can.
Remove which one? (? for menu, Esc to cancel) < or
t - a +6 ring of strength; > or
z - a ring of protection from fire You remove your ring of protection from fire.
You feel more attuned to ice.
r - a ring of ice (right claw)
You block the very large slime creature's attack.
The very large slime creature attacks as you move away!
You block the very large slime creature's attack.
A shadow imp comes into view.
Aiming: Iceblast
Press: ? - help, Shift-Dir - straight line
Okay, then.
The very large slime creature attacks as you move away!
The very large slime creature hits you.
The very large slime creature attacks as you move away!
The very large slime creature hits you!!
The shadow imp shouts!
Aiming: Iceblast
Press: ? - help, Shift-Dir - straight line That beam is likely to hit you.
Continue anyway?
The mass of ice explodes!
The iceblast engulfs you. You partially resist.
The iceblast engulfs the very large slime creature!
The very large slime creature is almost dead.
The now-empty wand crumbles to dust.
A very large slime creature splits.
It was a potion of curing.
You feel better. The large slime creature hits you!
The slime creature hits you!
* * * LOW HITPOINT WARNING * * *
It was a potion of ambrosia.
You are confused.
You feel invigorated. The large slime creature hits you!!
* * * LOW HITPOINT WARNING * * *
The shadow imp hits you but does no damage.
The slime creature hits you but does no damage.
You are too confused!
The large slime creature attacks as you move away!
The large slime creature hits you!
You die...
Your body crumbles into a pile of gold.

#.# #.#
############.###### #.#
..................# #.#
.####....###.####.# #.#
.# #.##.# #.# #.#
#.###### .####.##.###.#
#.# #......#
..........##.####.#
#.####..#
#####.##........J5####.#
## #.###.##....@J.....#
.# #.# #.#######.######
.## #.# #.# #.# #P
#.###.# #.# #.. ##P
##.##.# #.##### #.##


#PP # ##.#.###.....##... ##PP♣ P ##.#.#.##.##...##.. ###P.PP♣♣P
#...###...##...)### #.♣P♣..♣.♣ .###.#.#####....))### #♣PP...... You could see a
large slime creature, a slime creature and a shadow imp.

Vanquished Creatures
  Maggie (D:7)
  A hornet (D:7)
  Eustachio (D:6)
  Menkaure (D:6)
  A water moccasin (D:6)
  A black bear (D:7)
  A centaur (D:5)
  2 phantoms
  A kobold brigand (D:7)
  2 bullfrogs (D:7)
  A gnoll sergeant (D:7)
  A necrophage (D:5)
  A scorpion (D:6)
  2 orc priests (D:5)
  2 hounds
  2 gnoll shamans
  2 jellies
  4 iguanas
  8 adders
  10 gnolls
  2 worms
  3 dart slugs
  6 orcs
  5 ball pythons
  4 bats
  5 endoplasms
  2 hobgoblins
  4 quokkas
  A frilled lizard (D:1)
  6 goblins
  27 kobolds
  3 rats
113 creatures vanquished.

Vanquished Creatures (others)
  A gnoll (D:7)
  21 plants (D:7)
22 creatures vanquished.

Grand Total: 135 creatures vanquished

Notes
Turn   | Place    | Note
-------+----------+-------------------------------------------
     0 | D:1      | NinjaNoafa the Troll Fighter began the quest for the Orb.
     0 | D:1      | Reached XP level 1. HP: 22/22 MP: 0/0
   254 | D:1      | Found Eniapnumm's Antique Weapon Boutique.
   478 | D:1      | Reached XP level 2. HP: 29/29 MP: 1/1
   861 | D:2      | Reached XP level 3. HP: 31/36 MP: 2/2
  1127 | D:2      | Found Bedat's Armour Shop.
  1796 | D:4      | Reached XP level 4. HP: 44/44 MP: 3/3
  2162 | D:4      | Identified the +0 leather armour of Mirth {rElec Will+
                  | Stlth-}
  2176 | D:4      | Found a white marble altar of Elyvilon.
  2179 | D:4      | Identified the amulet of Gounk {Reflect *Corrode rPois rN+
                  | Dex+8 SH+5}
  2221 | D:5      | Entered Level 5 of the Dungeon
  2243 | D:5      | Reached XP level 5. HP: 39/53 MP: 4/4
  2396 | D:5      | Reached XP level 6. HP: 61/61 MP: 5/5
  2484 | D:5      | Found a shadowy altar of Dithmenos.
  2666 | D:5      | Reached XP level 7. HP: 50/67 MP: 6/6
  2936 | D:6      | Noticed Eustachio
  2941 | D:6      | Killed Eustachio
  2952 | D:6      | Noticed Menkaure
  2960 | D:6      | Killed Menkaure
  3016 | D:6      | Reached skill level 5 in Shields
  3089 | D:6      | Reached skill level 5 in Unarmed Combat
  3089 | D:6      | Reached XP level 8. HP: 70/78 MP: 7/7
  3218 | D:6      | Found a staircase to the Ecumenical Temple.
  3227 | Temple   | Entered the Ecumenical Temple
  3333 | Temple   | Became a worshipper of Gozag Ym Sagoz the Greedy
  3822 | D:7      | Noticed Maggie
  3933 | D:7      | Noticed a hornet
  3939 | D:7      | Killed a hornet
  4033 | D:7      | Killed Maggie
  4034 | D:7      | Reached skill level 5 in Fighting
  4114 | D:7      | Noticed Joseph
  4137 | D:7      | Reached skill level 5 in Dodging
  4137 | D:7      | Reached XP level 9. HP: 55/88 MP: 8/8
  4246 | D:7      | HP: 1/88 [large slime creature (29)]
  4247 | D:7      | Demolished by a large slime creature

Illustrated notes

Levels and vault maps discovered:
D:1:      dpeg_arrival_radiant, layout_loops_cross, serial_shops,
          nicolae_diamond_shop, hex_medium
D:2:      layout_rooms, serial_shops, nicolae_shop_behind_doors
D:3:      layout_loops_ring, minmay_crystal_room, serial_bayou_crossing
D:4:      layout_rooms, mainiacjoe_overflow_six_doors_small
D:5:      layout_basic, general_overflow_altar, st_stairs_4
D:6:      layout_loops_cross, minmay_temple_entry_drinking_statues,
          uniq_menkaure, uniq_eustachio
D:7:      kennysheep_kobold_camp, layout_loops_ring, uniq_joseph, uniq_maggie
Temple:   mainiacjoe_temple_coin_purse

Skill      XL: |  1  2  3  4  5  6  7  8 |
---------------+-------------------------+-----
Unarmed Combat | 3 4 5 6 |  6.0
Fighting       | 3 4 5 |  5.0
Dodging        | 3 4 5 |  5.0
Shields        | 3 4 5 6 |  6.5

Action                   |  1- 3 |  4- 6 |  7- 9 || total
-------------------------+-------+-------+-------++-------
Melee: Unarmed           |    91 |    91 |   140 ||   322
Throw: Boomerang         |       |     7 |       ||     7
Evoke: Wand              |       |       |     1 ||     1
  Use: Potion            |       |       |     8 ||     8
       Scroll            |       |       |    11 ||    11
 Stab: Sleeping          |       |     1 |     4 ||     5
       Distracted        |       |       |     2 ||     2
Armor: Robe              |    16 |    15 |    23 ||    54
       Steam dragon scal |       |       |     4 ||     4
Dodge: Dodged            |    27 |    36 |    46 ||   109
Block: Kite shield       |    33 |    57 |   113 ||   203
       Reflection        |       |     4 |     2 ||     6

Table legend: (Time is in decaauts)
 A = Elapsed time spent in this place.
 B = Non-inter-level travel time spent in this place.
 C = Inter-level travel time spent in this place.
 D = Time resting spent in this place.
 E = Time spent auto-exploring this place.
 F = Levels seen in this place.
 G = Mean time per level.
                   A        B        C        D        E       F      G
               +--------+--------+--------+--------+--------+-----+--------+
         Total |   4297 |   4192 |    105 |     99 |   3090 |   8 |  537.1 |
       Dungeon |   4179 |   4089 |     90 |     99 |   3010 |   7 |  597.0 |
        Temple |    118 |    103 |     15 |      0 |     80 |   1 |  118.0 |
               +--------+--------+--------+--------+--------+-----+--------+

Top non-repeatable levels by time:
     D:7: 796 daAuts
     D:1: 717 daAuts
     D:3: 620 daAuts
     D:6: 591 daAuts
     D:5: 550 daAuts
     D:4: 471 daAuts
     D:2: 431 daAuts
  Temple: 118 daAuts
